 Seeded DCSS version 0.31.0-32-g396128a36d (webtiles) character file.

Game seed: 11883663735492499065 (custom seed)

6490 timneilson the Blocker (level 11, -1/67 HPs)
             Began as a Gargoyle Fighter on Mar 30, 2024.
             Was an Initiate of Gozag.
             Slain by Erolcha
             ... wielding a +0 giant club
              (18 damage)
             ... on level 9 of the Dungeon.
             The game lasted 00:26:12 (7276 turns).

timneilson the Blocker (Gargoyle Fighter)           Turns: 7276, Time: 00:26:12

Health: -1/67      AC: 26    Str: 25    XL:     11   Next: 0%
Magic:  11/11      EV: 10    Int:  8    God:    Gozag
Gold:   1150       SH: 11    Dex: 15    Spells: 10/10 levels left

rFire   + . .        x - +8 lance "Wyrmbane" {slay drac, rPois rF+ rC+ AC+3}
rCold   + . .        E - +0 kite shield
rNeg    + . .        o - +0 chain mail
rPois   ∞            h - +0 helmet
rElec   +            y - +0 cloak
rCorr   .            q - +0 pair of gloves
SInv    .            (no boots)
Will    .....        (no amulet) Stlth
                     t - +4 ring of slaying
HPRegen 0.31/turn    A - +6 ring of dexterity
MPRegen 0.12/turn

%: no passive effects
@: no status effects
A: sickness immunity, AC +8, negative energy resistance 1, electricity
resistance, torment resistance 1, petrification resistance
a: Renounce Religion, Potion Petition, Call Merchant, Bribe Branch


You were on level 9 of the Dungeon.
You worshipped Gozag.
Gozag was most pleased with you.
You visited 1 branch of the dungeon, and saw 9 of its levels.

You collected 2328 gold pieces.
You spent 1131 gold pieces at shops.
You paid 47 gold pieces to Gozag.

Inventory:

Hand Weapons
 x - the +8 lance "Wyrmbane" (weapon) {slay drac, rPois rF+ rC+ AC+3}
   (You bought it in a shop on level 1 of the Dungeon)

   AC+3:      It affects your AC (+3).
   rF+:       It protects you from fire.
   rC+:       It protects you from cold.
   rPois:     It protects you from poison
Missiles
 b - a throwing net (quivered)
Armour
 h - a +0 helmet (worn)
 o - a +0 chain mail (worn)
 q - a +0 pair of gloves (worn)
 y - a +0 cloak (worn)
 E - a +0 kite shield (worn)
Jewellery
 i - a ring of flight
 t - a +4 ring of slaying (left hand)
 A - a +6 ring of dexterity (right hand)
Wands
 c - a wand of light (5)
 f - a wand of digging (5)
 r - a wand of flame (16)
 C - a wand of polymorph (7)
Scrolls
 g - a scroll of blinking
 s - a scroll of fear
 u - 4 scrolls of teleportation
 w - a scroll of vulnerability
 B - 2 scrolls of poison
Potions
 a - a potion of mutation
 d - a potion of might
 e - a potion of resistance
 j - 5 potions of lignification
 k - 2 potions of cancellation
 l - a potion of brilliance
 m - a potion of heal wounds
 n - 4 potions of curing
 p - 4 potions of berserk rage {unknown}
 v - 2 potions of haste {unknown}
 z - a potion of invisibility {unknown}
 D - a potion of enlightenment {unknown}


   Skills:
 + Level 7.5 Fighting
 * Level 7.4 Polearms
 * Level 9.2 Armour
 + Level 3.9 Dodging
 * Level 9.2 Shields
 + Level 3.9 Evocations


You had 10 spell levels left.
You didn't know any spells.
Your spell library contained the following spells:

 Spells                   Type           Power      Damage    Failure   Level
 Magic Dart               Conj           0%         1d3       97%         1
 Necrotise                Necr           0%         1d4       97%         1
 Summon Small Mammal      Summ           0%         N/A       97%         1
 Searing Ray              Conj           0%         2d4       99%         2
 Call Canine Familiar     Summ           0%         N/A       100%        3
 Fugue of the Fallen      Necr           0%         N/A       100%        3
 Ozocubu's Armour         Ice            0%         N/A       100%        3
 Stone Arrow              Conj/Erth      0%         3d7       100%        3
 Tukima's Dance           Hex            0%         N/A       100%        3
 Vampiric Draining        Necr           0%         2d6       100%        3
 Animate Armour           Summ/Erth      0%         N/A       100%        4
 Cause Fear               Hex            0%         N/A       100%        4
 Fulminant Prism          Conj/Alch      0%         3d5       100%        4
 Manifold Assault         Tloc           0%         N/A       100%        4
 Martyr's Knell           Necr/Summ      0%         N/A       100%        4
 Passage of Golubria      Tloc           0%         N/A       100%        4
 Summon Blazeheart Golem  Fire/Summ      0%         N/A       100%        4
 Curse of Agony           Necr           0%         N/A       100%        5
 Fireball                 Conj/Fire      0%         3d3       100%        5
 Yara's Violent Unravell  Hex/Alch       0%         3d3       100%        5
 Lehudib's Crystal Spear  Conj/Erth      0%         10d2      100%        8
 Dragon's Call            Summ           0%         N/A       100%        9


Dungeon Overview and Level Annotations

Branches:
Dungeon (9/15)             Temple (0/1) D:6            Lair (0/5) D:9
    Orc: D:9-12

Altars:
Elyvilon
Gozag
Kikubaaqudgha
Nemelex Xobeh
Xom
Zin
The Shining One

Shops:
D:1 (   D:2 *([?*

Annotations:
D:2 1 runed translucent door, Crazy Yiuf
D:9 Erolcha


Innate Abilities, Weirdness & Mutations

You are immune to sickness and miasma.
Your stone body is resilient. (AC +8)
You are immune to poison.
You resist negative energy. (rN+)
You are resistant to electric shocks. (rElec)
You are resistant to unholy torment.
You are immune to petrification.


Message History

Maggie attempts to bespell you!
You are mesmerised by Maggie!
You barely miss Maggie.
Maggie is almost dead.
You block Maggie's attack.
You hit Maggie.
Maggie is almost dead.
You block Maggie's attack.
You hit Maggie.
You break out of your daze!
You kill Maggie!
You have reached level 11!
You now have 1150 gold pieces (gained 6).
Things that are here:
a +0 halberd; +0 steam dragon scales
Found a stone staircase leading down.
There is a stone staircase leading down here.
p - 4 red potions (gained 1) Erolcha the Cunning comes into view.
She is wielding a +0 giant club and wearing a +1 robe of willpower.
Erolcha shouts!
Erolcha gestures at you while chanting.
The fireball explodes!
The fireball engulfs you! You resist.
Reach: x) +8 lance "Wyrmbane" {slay drac, rPois rF+ rC+ AC+3}
Press: ? - help, Dir - move target, f - Erolcha
Aim: Erolcha, wielding a +0 giant club and wearing a +1 robe of willpower (about 18% to evade the +8 lance "Wyrmbane")
You reach to attack!
You barely miss Erolcha. You puncture Erolcha!
Erolcha is moderately wounded.
Erolcha gestures wildly while chanting.
Erolcha flickers and vanishes!
Deactivating autopickup; reactivate with Ctrl-A.
You barely miss something. Something hits you!
You barely miss something. You puncture something! Something hits you!
You puncture something! You puncture something! Something hits you!
* * * LOW HITPOINT WARNING * * *
You barely miss something. Something hits you!!
You die...
Your body crumbles into a pile of gold.

...........................
....#.....######...#..#..#.
...........................
........########...........
##......# #...#..#..#.
........#### #.........##
##+###.....# ######....##
#.##..# #.#..#. #....@#
#...... .........{......
###.... #########.......
#.#.. #.......#. #..#.
########.........# #####
................+ #
............##.#.....#
#.............#.....#
#.............#.....#


There were no monsters in sight!

Vanquished Creatures
  2 two-headed ogres
  Maggie (D:9)
  Psyche (D:9)
  3 red devils (D:8)
  A hornet (D:8)
  6 yaks (D:8)
  An acid dragon (D:9)
  A water moccasin (D:5)
  2 orc warriors
  An ice beast (D:6)
  2 black bears
  An ogre (D:5)
  3 sky beasts
  2 wolves (D:9)
  The ghost of Wolfey the Shield-Bearer, an amateur OpFi (D:5)
  2 centaurs (D:8)
  2 bullfrogs
  A kobold brigand (D:4)
  2 gnoll sergeants (D:8)
  3 scorpions
  A jelly (D:6)
  5 howler monkeys
  A bombardier beetle (D:5)
  2 hounds
  4 orc priests
  4 iguanas
  2 sleepcaps
  5 orc wizards
  14 gnolls
  11 adders
  3 shadow imps
  4 white imps
  An ufetubus (D:7)
  A dart slug (D:4)
  2 ribbon worms
  31 orcs
  5 bats
  11 endoplasms
  2 giant cockroaches
  5 goblins
  11 hobgoblins
  2 jackals (D:1)
  5 quokkas
  3 ball pythons
  3 frilled lizards
  32 kobolds
  4 rats
  A spectral hobgoblin (D:3)
213 creatures vanquished.

Vanquished Creatures (others)
  An orc wizard (D:3)
1 creature vanquished.

Grand Total: 214 creatures vanquished

Notes
Turn   | Place    | Note
-------+----------+-------------------------------------------
     0 | D:1      | timneilson the Gargoyle Fighter began the quest for the
                  | Orb.
     0 | D:1      | Reached XP level 1. HP: 14/14 MP: 1/1
    84 | D:1      | Reached XP level 2. HP: 2/19 MP: 2/2
   536 | D:1      | Reached XP level 3. HP: 23/23 MP: 3/3
   687 | D:1      | Found Gehoalez's Weapon Shoppe.
   919 | D:2      | Found Suttuoso's Armour Boutique.
   984 | D:2      | Found Vebemp's Assorted Antiques.
  1242 | D:2      | Found Haekhegu's Weapon Emporium.
  1265 | D:2      | Reached XP level 4. HP: 29/29 MP: 4/4
  1360 | D:2      | Found Salona's General Store.
  1731 | D:2      | Found Rarus's Magic Scroll Shoppe.
  1803 | D:2      | Found a runed translucent door.
  1804 | D:2      | Noticed Crazy Yiuf
  1937 | D:3      | Reached XP level 5. HP: 33/33 MP: 5/5
  2220 | D:3      | Found a faded altar of an unknown god.
  2598 | D:3      | Found an opulent altar of Gozag.
  2604 | D:3      | Became a worshipper of Gozag Ym Sagoz the Greedy
  2757 | D:4      | Reached XP level 6. HP: 37/39 MP: 6/6
  3196 | D:4      | You fall into a shaft and drop 2 floors!
  3196 | D:6      | Found a staircase to the Ecumenical Temple.
  3197 | D:6      | Noticed a black bear
  3203 | D:6      | Killed a black bear
  3204 | D:6      | Reached skill level 5 in Armour
  3204 | D:6      | Reached skill level 5 in Shields
  3204 | D:6      | Reached XP level 7. HP: 37/44 MP: 7/7
  3260 | D:6      | Reached skill level 5 in Fighting
  3260 | D:6      | Reached skill level 1 in Dodging
  3490 | D:5      | Entered Level 5 of the Dungeon
  3825 | D:4      | Identified a scroll of acquirement
  3825 | D:4      | Acquired 693 gold pieces
  3876 | D:1      | Bought the +8 lance "Wyrmbane" {slay drac, rPois rF+ rC+
                  | AC+3} for 1131 gold pieces
  3876 | D:1      | Found the +8 lance "Wyrmbane" {slay drac, rPois rF+ rC+
                  | AC+3}
  3933 | D:5      | Reached XP level 8. HP: 49/49 MP: 8/8
  4227 | D:5      | Found a shimmering altar of Xom.
  4269 | D:5      | Reached skill level 1 in Evocations
  4338 | D:5      | Found a runed translucent door.
  4370 | D:5      | Noticed Wolfey's ghost (amateur OpFi)
  4662 | D:5      | Killed Wolfey's ghost
  4724 | D:6      | Found an ancient bone altar of Kikubaaqudgha.
  4810 | D:6      | Reached skill level 5 in Polearms
  4931 | D:6      | Found a sparkling altar of Nemelex Xobeh.
  5537 | D:7      | Found a white marble altar of Elyvilon.
  5537 | D:7      | Found a glowing silver altar of Zin.
  5537 | D:7      | Found a glowing golden altar of the Shining One.
  5635 | D:7      | Reached XP level 9. HP: 55/55 MP: 9/9
  6177 | D:8      | Noticed a red devil
  6182 | D:8      | Noticed a red devil
  6189 | D:8      | Killed a red devil
  6194 | D:8      | Killed a red devil
  6195 | D:8      | Reached XP level 10. HP: 28/61 MP: 10/10
  6436 | D:8      | Noticed a two-headed ogre
  6446 | D:8      | Killed a two-headed ogre
  6562 | D:8      | Noticed a two-headed ogre
  6586 | D:7      | Killed a two-headed ogre
  6901 | D:9      | Noticed Psyche
  6936 | D:9      | Killed Psyche
  6952 | D:9      | Found a staircase to the Lair.
  7131 | D:9      | Noticed Maggie
  7147 | D:9      | Killed Maggie
  7148 | D:9      | Reached XP level 11. HP: 52/67 MP: 11/11
  7264 | D:9      | Noticed Erolcha
  7276 | D:9      | Slain by Erolcha

Illustrated notes

Levels and vault maps discovered:
D:1:      heliophobic_arrival_henge, layout_basic, serial_shops, shop,
          chequers_mini_garden, minmay_tetromino_i4
D:2:      layout_basic, serial_shops, nicolae_diamond_shop,
          nicolae_shop_rolled_up, nicolae_shop_overgrown_old_shop, shop,
          nicolae_shop_getting_attention, nicolae_figureground_sparkle,
          uniq_crazy_yiuf_cottage
D:3:      layout_loops_ring, mainiacjoe_overflow_alcove_1,
          dreamdust_ecumenical_altar_drowned_temple
D:4:      kennysheep_kobold_camp, layout_rooms
D:5:      layout_loops_ring, kennysheep_little_box, gammafunk_ghost_grave,
          hangedman_abyss_or_decor_jellyfish_corner,
          minmay_misc_feat_more_columns
D:6:      layout_gridville, general_overflow_altar,
          nemelex_diamond_rough_becter, minmay_temple_entry_mini_moons,
          minmay_holes, kennysheep_diamond
D:7:      layout_loops_ring, good_gods_mini_temple, serial_demonic,
          serial_demonic_b, serial_demonic_b, serial_demonic_g, serial_demonic_g
D:8:      layout_basic, einodemon_armed_red_devil_minivault
D:9:      layout_stronghold, erik_lair_orcish_takeover, uniq_maggie,
          uniq_psyche, uniq_erolcha

Skill      XL: |  1  2  3  4  5  6  7  8  9 10 |
---------------+-------------------------------+-----
Polearms       | 2 3 4 5 6 7 |  7.4
Fighting       | 4 5 6 7 |  7.5
Armour         | 4 5 6 8 9 |  9.2
Shields        | 4 5 6 8 9 |  9.2
Dodging        | 1 2 3 |  3.9
Evocations     | 1 3 |  3.9

Action                     |  1- 3 |  4- 6 |  7- 9 | 10-12 || total
---------------------------+-------+-------+-------+-------++-------
  Melee: Trident           |   120 |   279 |    74 |       ||   473
         Lance             |       |       |   189 |   133 ||   322
    Use: Scroll            |     4 |     4 |     9 |       ||    17
         Potion            |       |       |     1 |       ||     1
   Stab: Distracted        |       |       |     1 |       ||     1
 Armour: Scale mail        |    77 |    75 |       |       ||   152
         Chain mail        |       |   138 |   149 |    85 ||   372
  Dodge: Dodged            |    46 |    94 |    68 |    35 ||   243
  Block: Buckler           |    29 |    64 |    44 |    27 ||   164
         Kite shield       |       |       |       |    31 ||    31
